 Dungeon Crawl Stone Soup version 0.23-a0-143-g1adec7b (webtiles) character file.

225958 magipi the Carver (level 19, -4/151 HPs)
             Began as a Gnoll Chaos Knight on Sept 6, 2018.
             Was an Initiate of Gozag.
             Killed by the raging water
             ... invoked by a water nymph
              (29 damage)
             ... on level 4 of the Shoals.
             The game lasted 03:23:32 (41308 turns).

magipi the Carver (Gnoll Chaos Knight)             Turns: 41308, Time: 03:23:32

Health: -4/151     AC: 34    Str: 26    XL:     19   Next: 34%
Magic:  0/35       EV: 28    Int: 16    God:    Gozag
Gold:   229        SH:  0    Dex: 16    Spells: 36/43 levels left

rFire    . . .     SeeInvis .   a - +4 lajatang (elec)
rCold    + + .     Gourm    .   (shield currently unavailable)
rNeg     . . .     Faith    .   P - +8 scale mail of Efuil {rC+ rCorr}
rPois    +         Spirit   +   D - +2 hat {MR+}
rElec    +         Reflect  .   J - +1 cloak of Starlight {rElec rC+ EV+4 Stlth--}
rCorr    +         Harm     .   A - +1 pair of gloves
MR       ++...                  I - +1 pair of boots {Stlth+}
Stlth    +++.......             W - amulet of guardian spirit
HPRegen  0.35/turn              p - ring of poison resistance
MPRegen  0.24/turn              y - +5 ring of protection

@: mighty, agile, gold aura, flying, studying Summonings
A: distributed training, fangs 1, yellow scales 1, clumsy 2, mutation resistance
1, sense surroundings 1, strong nose
}: 1/15 runes: serpentine
a: Potion Petition, Call Merchant, Bribe Branch, Renounce Religion


You were on level 4 of the Shoals.
You worshipped Gozag.
Gozag was aware of your devotion.
You were not hungry.

You visited 5 branches of the dungeon, and saw 31 of its levels.
You visited 1 bazaar.
You also visited: Sewer and Ossuary.

You collected 16882 gold pieces.
You spent 6724 gold pieces at shops.
You paid 9929 gold pieces to Gozag.

Inventory:

Hand Weapons
 a - a +4 lajatang of electrocution (weapon)
   (You found it on level 2 of the Snake Pit)
 b - a +1 dagger of freezing
   (You took it off a goblin on level 2 of the Dungeon)
 w - a +4 scimitar of flaming
   (You took it off an efreet on level 14 of the Dungeon)
 R - a +2 broad axe of venom
   (You took it off an orc knight on level 2 of the Orcish Mines)
Missiles
 g - 5 throwing nets
 E - 11 steel javelins (quivered)
Armour
 A - a +1 pair of gloves (worn)
   (You found it on level 2 of the Lair of Beasts)
 D - a +2 hat of magic resistance (worn)
   (You took it off Gastronok on level 2 of the Lair of Beasts)
 I - a +1 pair of boots of stealth (worn)
   (You bought it in a shop on level 11 of the Dungeon)
 J - the +1 cloak of Starlight (worn) {rElec rC+ EV+4 Stlth--}
   (You bought it in a shop on level 11 of the Dungeon)

   It affects your evasion (+4).
   It protects you from cold.
   It insulates you from electricity.
   It makes you much less stealthy.
 P - the +8 scale mail of Efuil (worn) {rC+ rCorr}
   (You found it on level 6 of the Lair of Beasts)

   It protects you from cold.
   It provides partial protection from all sources of acid and corrosion.
Jewellery
 c - an uncursed ring of fire
   (You found it on level 5 of the Dungeon)
 d - a +5 ring of evasion {unknown}
   (You took it off a merfolk on level 4 of the Shoals)
 f - an uncursed ring of protection from fire
   (You bought it in a shop in a bazaar)
 i - an uncursed ring of see invisible
   (You bought it in a shop on level 9 of the Dungeon)
 m - the ring "Fusin" {rCorr MR++}
   (You took it off a naga on level 4 of the Snake Pit)

   [ring of resist corrosion]

   It affects your resistance to hostile enchantments.
 p - a ring of poison resistance (left hand)
   (You took it off an orc on level 7 of the Dungeon)
 y - a +5 ring of protection (right hand)
   (You found it on level 5 of the Dungeon)
 W - an amulet of guardian spirit (around neck)
   (You found it on level 11 of the Dungeon)
Wands
 e - a wand of digging (14)
   (You bought it in a shop on level 1 of the Shoals)
 u - a wand of paralysis (1)
   (You found it on level 5 of the Dungeon)
 v - a wand of enslavement (14)
   (You bought it in a shop on level 3 of the Snake Pit)
 H - a wand of acid (5)
   (You bought it in a shop on level 2 of the Orcish Mines)
 M - a wand of scattershot (7)
   (You found it on level 3 of the Lair of Beasts)
 N - a wand of iceblast (1)
   (You found it on level 6 of the Dungeon)
 Q - a wand of polymorph (13)
   (You bought it in a shop on level 1 of the Orcish Mines)
 T - a wand of clouds (4)
   (You bought it in a shop on level 2 of the Orcish Mines)
Scrolls
 h - 13 scrolls of remove curse
 j - 7 scrolls of identify
 B - 7 scrolls of enchant armour
 F - 8 scrolls of teleportation
 K - a scroll of fog
 U - a scroll of blinking
 Y - a scroll of silence
 Z - 2 scrolls of magic mapping
Potions
 k - 15 potions of curing
 l - 6 potions of magic
 n - 8 potions of brilliance
 o - 3 potions of resistance
 q - 4 potions of flight
 r - 8 potions of haste
 s - 9 potions of cancellation
 t - 4 potions of agility
 z - 4 potions of invisibility
 C - 3 potions of heal wounds
 S - 5 potions of berserk rage
 V - 2 potions of ambrosia
Books
 L - a manual of Summonings
   (You found it on level 11 of the Dungeon)
Comestibles
 x - 19 rations


   Skills:
 + Level 13.8 Fighting
 + Level 12.5 Short Blades
 + Level 13.8 Long Blades
 + Level 12.5 Axes
 + Level 12.5 Maces & Flails
 + Level 12.5 Polearms
 + Level 12.5 Staves
 + Level 12.5 Slings
 + Level 12.5 Bows
 + Level 12.5 Crossbows
 + Level 12.5 Throwing
 + Level 13.2 Armour
 + Level 12.8 Dodging
 + Level 12.5 Stealth
 + Level 12.5 Shields
 + Level 12.5 Unarmed Combat
 + Level 12.5 Spellcasting
 + Level 10.8 Conjurations
 + Level 10.8 Hexes
 + Level 10.8 Charms
 + Level 12.7 Summonings
 + Level 10.8 Necromancy
 + Level 10.8 Translocations
 + Level 10.8 Transmutations
 + Level 10.8 Fire Magic
 + Level 10.8 Ice Magic
 + Level 10.8 Air Magic
 + Level 10.8 Earth Magic
 + Level 10.8 Poison Magic
 + Level 13.5 Invocations
 + Level 12.5 Evocations


You had 36 spell levels left.
You knew the following spells:

 Your Spells              Type           Power        Failure   Level  Hunger
l - Summon Lightning Spi  Summ/Air       #####...     1%          4    ##.....
r - Regeneration          Chrm/Necr      #####.....   1%          3    None

Your spell library contained the following spells:

 Spells                   Type           Power        Failure   Level  Hunger
 Animate Skeleton         Necr           N/A          1%          1    None
 Beastly Appendage        Tmut           #####.       1%          1    None
 Magic Dart               Conj           ####         1%          1    None
 Pain                     Necr           ####         1%          1    None
 Summon Small Mammal      Summ           ####         1%          1    None
 Blink                    Tloc           N/A          1%          2    None
 Call Imp                 Summ           ######..     1%          2    None
 Slow                     Hex            #####...     1%          2    None
 Sticks to Snakes         Tmut           #####...     1%          2    None
 Throw Frost              Conj/Ice       #####.       1%          2    None
 Call Canine Familiar     Summ           ######..     1%          3    None
 Conjure Flame            Conj/Fire      #####...     1%          3    None
 Mephitic Cloud           Conj/Pois/Air  #####...     1%          3    None
 Recall                   Summ/Tloc      N/A          1%          3    None
 Spider Form              Tmut/Pois      #####.....   1%          3    None
 Summon Guardian Golem    Hex/Summ       #####...     1%          3    None
 Vampiric Draining        Necr           #####.....   1%          3    None
 Animate Dead             Necr           N/A          1%          4    ##.....
 Ice Form                 Ice/Tmut       #####...     1%          4    ##.....
 Summon Ice Beast         Ice/Summ       #####...     1%          4    ##.....
 Alistair's Intoxication  Tmut/Pois      #####...     4%          5    ####...
 Blade Hands              Tmut           #####.....   4%          5    ####...
 Bolt of Magma            Conj/Fire/Erth #####.....   4%          5    ####...
 Borgnjor's Vile Clutch   Necr/Erth      #####.....   4%          5    ####...
 Iskenderun's Battlesphe  Conj/Chrm      #####...     4%          5    ####...
 Venom Bolt               Conj/Pois      #####.....   4%          5    ####...
 Death Channel            Necr           #####.....   24%         6    ######.
 Iron Shot                Conj/Erth      #####.....   24%         6    ######.
 Simulacrum               Ice/Necr       #####.....   24%         6    ######.
 Statue Form              Tmut/Erth      #####....    24%         6    ######.
 Spellforged Servitor     Conj/Summ      #####.....   65%         7    #######
 Orb of Destruction       Conj           #####.....   78%         7    #######


Dungeon Overview and Level Annotations

Branches:
Dungeon (15/15)            Temple (0/1) D:7            Lair (6/6) D:8
 Shoals (4/4) Lair:3        Snake (4/4) Lair:2        Slime (0/5) Lair:6
    Orc (2/2) D:9             Elf (0/3) Orc:2        Vaults (0/5) D:14
 Depths (0/5) D:15

Altars:
Dithmenos
Elyvilon
Fedhas
Gozag
Hepliaklqana
Makhleb
Nemelex Xobeh
Qazlal
Trog
Vehumet
Wu Jian
Xom
Yredelemnul
The Shining One
Beogh
Lugonu

Shops:
D:9 =   D:11 ?[   D:15 }*   Orc:1 }   Orc:2 [}}[   Shoals:1 }   Snake:3 }

Annotations:
D:3 exclusion: door
D:14 exclusion: Roxanne, Roxanne
Lair:2 3 runed doors, vogonpoet's ghost, journeyman MiWn
Lair:3 exclusion: 2 oklob plants
Shoals:4 Ilsuiw
Snake:4 1 runed door, Eveum's ghost, journeyman FeAr


Innate Abilities, Weirdness & Mutations

Your experience applies equally to all skills.
You have very sharp teeth.
Your uncanny sense of smell can sniff out nearby items.
You are partially covered in yellow scales. (AC +2)
You are very clumsy. (Dex -4)
You are somewhat resistant to further mutation.
You passively map a small area around you.


Message History

You fall into the shallow water.
Moving in this stuff is going to be slow.
Items here: ( )) [ a vampiric spear; a javelin of penetration; a leather armour; a trident The water nymph is distracted by the nearby gold.
The merfolk avatar chants its luring song.
The water nymph shouts!
You see here 3 poisoned javelins.
Unknown command.
You enter the shallow water.
Moving in this stuff is going to be slow.
The water nymph is no longer distracted by gold.
The merfolk hits you but does no damage.
The merfolk avatar chants its luring song.
The merfolk completely misses you.
Things that are here:
a spear of piercing; 11 poisoned javelins; a leather armour Unknown command.
You feel very buoyant.
You fly up into the air.
The water nymph casts a spell at you. The water rises up and strikes you!
The merfolk hits you from afar with a trident.
* * * LOW HITPOINT WARNING * * *
The merfolk avatar chants its luring song.
The merfolk hits you but does no damage.
Unknown command.
Unknown command.
The water nymph is distracted by the nearby gold.
The merfolk avatar chants its luring song.
The water nymph shouts!
Unknown command.
Unknown command.
You completely miss the merfolk avatar. The merfolk closely misses you.
Unknown command. [a] - 484 gold - haste, agility, flight and heal wounds [b] - 384 gold - heal wounds, curing and magic [c] - 192 gold - might and agility Purchase which effect?
You no longer have enough gold to petition Gozag for potion effects.
You feel very mighty all of a sudden.
You feel agile all of a sudden.
The merfolk hits you from afar with a trident!
* * * LOW HITPOINT WARNING * * *
The merfolk avatar chants its luring song.
The merfolk completely misses you.
Unknown command.
The merfolk avatar chants its luring song.
The merfolk misses you.
Unknown command.
You slice the merfolk avatar!! You bite the merfolk avatar!
The merfolk avatar is moderately wounded.
The water nymph is no longer distracted by gold.
The merfolk avatar chants its luring song.
The merfolk closely misses you.
Unknown command.
You slice the merfolk avatar!! Your bite misses the merfolk avatar.
The merfolk avatar is severely wounded.
The merfolk hits you but does no damage.
The merfolk avatar chants its luring song.
Unknown command.
You carve the merfolk avatar like a ham!!!
Lightning courses through the merfolk avatar!
You are no longer entranced.
You kill the merfolk avatar!
The water nymph touches the plant.
The merfolk hits you with a trident!
* * * LOW HITPOINT WARNING * * *
The merfolk completely misses you.
Unknown command.
You feel much better.
The water nymph touches the plant.
The merfolk closely misses you.
Unknown command.
Unknown command.
You closely miss the merfolk.
The merfolk hits you but does no damage.
The water nymph touches the plant.
The merfolk completely misses you.
Unknown command.
You slice the merfolk!! Lightning courses through the merfolk!
You bite the merfolk.
The merfolk is severely wounded.
The merfolk completely misses you.
A snapping turtle comes into view.
The water nymph points at you and mumbles some strange words.
The water rises up and strikes you!
* * * LOW HITPOINT WARNING * * *
Unknown command.
Unknown command.
You barely miss the merfolk.
The merfolk is severely wounded.
The merfolk completely misses you.
The water nymph points at you and mumbles some strange words.
The water rises up and strikes you!
* * * LOW HITPOINT WARNING * * *
The merfolk completely misses you.
Unknown command.
You feel much better. The merfolk closely misses you.
The water nymph gestures at you while chanting.
The water rises up and strikes you!
You die...
Xom chuckles heartily!
Your body crumbles into a pile of gold.

#####≈...###*#..≈≈≈≈≈H≈≈≈
, ##.###.# #..≈≈≈≈≈≈≈H≈ ≈
##t#$####..≈≈.≈≈≈≈≈≈ ≈ ≈
, #($$()#...≈≈≈≈.[≈≈≈ *
≈≈ , #≈.))).....#...≈≈≈≈
#≈P(.≈≈...##..≈≈...
#PmP............... ≈ ∆*
#mPm.≈........$.... ≈ *
#P@≈PP≈≈.....≈≈.... ≈ * ≈
#PP$P≈≈≈≈....≈≈≈.... ≈
#PP≈≈≈.≈≈≈...≈≈≈≈....
≈≈≈≈≈P≈≈≈≈≈..≈≈≈≈..... ≈
≈≈≈≈≈≈≈≈≈≈≈≈≈≈≈≈≈≈<≈≈...
≈≈≈≈≈≈≈≈≈≈≈≈≈≈≈≈≈≈≈≈≈≈≈.
≈≈≈≈≈≈≈≈≈≈≈≈≈≈≈≈≈≈≈≈≈≈≈.
≈≈≈≈≈≈≈≈≈≈≈≈≈≈≈≈≈≈.≈≈≈..
≈≈≈≈≈≈≈≈≈≈≈≈.


You could see a snapping turtle, 2 merfolk and a water nymph.

Vanquished Creatures
  Gastronok (Lair:2)
  10 nagarajas
  Louise (D:15)
  6 merfolk javelineers
  5 merfolk impalers
  A rakshasa (D:15)
  An ice dragon (Lair:6)
  4 hydras
  31 naga warriors
  2 merfolk aquamancers (Shoals:4)
  Harold (D:7)
  6 merfolk avatars
  2 death knights
  4 alligator snapping turtles
  2 centaur warriors (D:14)
  5 two-headed ogres
  2 satyrs (Shoals:3)
  A tengu warrior (D:13)
  5 anacondas
  4 death yaks (Lair:4)
  15 naga sharpshooters
  5 skeletal warriors (D:13)
  2 large abominations (D:11)
  6 salamander mystics
  A deep troll (D:14)
  12 sea snakes
  An unseen horror (D:13)
  A glowing orange brain (D:15)
  3 lindwurms (Lair:6)
  5 orc knights (Orc:2)
  3 naga ritualists (Snake:4)
  An orb spider (shapeshifter) (D:15)
  Pikel (D:7)
  A phantasmal warrior (D:14)
  17 ugly things
  30 harpies
  5 mana vipers
  A deep elf mage (D:12)
  2 orc sorcerers
  A cyclops (shapeshifter) (D:15)
  7 cyclopes
  11 manticores
  18 fauns
  21 salamanders
  8 guardian serpents
  28 black mambas
  Maurice (D:12)
  2 merfolk sirens
  8 water nymphs
  5 torpor snails (Lair:6)
  2 gargoyles
  16 naga magi
  A kobold demonologist (D:14)
  11 spiny frogs
  2 efreet (D:14)
  2 freezing wraiths
  A tengu conjurer (D:15)
  10 komodo dragons
  A redback zombie (D:14)
  A meliai (shapeshifter) (D:15)
  6 wind drakes
  16 merfolk
  10 trolls
  A polar bear (Lair:6)
  Prince Ribbit (D:6)
  A blink frog (shapeshifter) (D:15)
  3 tyrant leeches (Lair:6)
  8 snapping turtles
  12 dream sheep
  6 hornets (Lair:6)
  24 slime creatures
  A raiju (D:11)
  A meliai zombie (D:13)
  15 hippogriffs
  A centaur simulacrum (D:15)
  A shadow (D:11)
  Sigmund (D:3)
  A vampire (D:13)
  7 wyverns
  6 water elementals
  Eustachio (D:4)
  48 yaks
  3 wraiths
  3 basilisks
  2 vampire mosquitoes (D:15)
  5 wargs (Orc:2)
  2 steam dragons
  5 hungry ghosts
  73 nagas
  2 acid dragons
  9 water moccasins
  9 porcupines
  4 ice beasts
  2 eyes of draining
  46 orc warriors
  2 sky beasts
  3 slaves (D:7)
  2 black bears
  A phantom (D:10)
  A necrophage (D:7)
  3 boggarts (D:14)
  10 wolves (Lair:6)
  11 ogres
  11 centaurs
  14 crocodiles
  A big kobold (D:11)
  23 bullfrogs
  A wyvern skeleton (D:8)
  2 water moccasin zombies (Ossuary)
  4 scorpions
  19 killer bees
  14 wights
  2 electric eels (Lair:1)
  3 howler monkeys
  5 crimson imps
  4 centaur zombies
  6 hounds
  2 quasits
  19 orc priests
  2 centaur skeletons
  18 jellies
  33 orc wizards
  A bullfrog skeleton (D:12)
  An iguana (D:7)
  12 worker ants
  5 big kobold zombies (Ossuary)
  A hound skeleton (D:10)
  3 mummies
  A worker ant zombie (D:9)
  3 gnolls
  A river rat (shapeshifter) (Sewer)
  13 adders
  6 shadow imps
  10 oozes
  4 adder zombies
  4 adder skeletons
  3 worms
  11 leopard geckos
  128 orcs
  5 bats
  10 giant cockroaches
  10 goblins
  5 hobgoblins
  27 jackals
  6 quokkas
  10 ball pythons (Sewer)
  12 frilled lizards
  3 gnoll zombies (Ossuary)
  3 hobgoblin zombies (Ossuary)
  12 kobolds
  6 kobold zombies (Ossuary)
  5 orc zombies (Ossuary)
  A quokka zombie (D:7)
  6 rats
  6 plants
1249 creatures vanquished.

Vanquished Creatures (collateral kills)
  4 nagarajas (Snake:4)
  2 naga warriors (Snake:4)
  2 tengu warriors
  A naga sharpshooter (Snake:4)
  3 naga magi (Snake:4)
  A black mamba (Snake:4)
  A tengu conjurer (D:14)
  7 nagas (Snake:4)
21 creatures vanquished.

Vanquished Creatures (others)
  An unseen horror (D:13)
  A naga mage (Snake:3)
  A black mamba (Snake:4)
  A naga (Snake:4)
  A bullfrog (D:15)
  A scorpion (D:4)
  A howler monkey (D:4)
  3 orcs
  5 fungi
  44 plants
  12 tentacles
71 creatures vanquished.

Grand Total: 1341 creatures vanquished

Notes
Turn   | Place    | Note
-------+----------+-------------------------------------------
     0 | D:1      | magipi the Gnoll Chaos Knight began the quest for the Orb.
     0 | D:1      | Reached XP level 1. HP: 23/23 MP: 1/1
    65 | D:1      | XOM: divination: magic mapping
   128 | D:1      | Reached XP level 2. HP: 28/29 MP: 2/2
   295 | D:1      | XOM: divination: detect items
   508 | D:1      | Reached XP level 3. HP: 35/35 MP: 3/3
   882 | D:2      | Reached skill level 1 in Invocations
   882 | D:2      | XOM: cast spell 'Summon Butterflies'
   950 | D:2      | Reached skill level 1 in Short Blades
   950 | D:2      | Reached skill level 1 in Axes
   950 | D:2      | Reached skill level 1 in Maces & Flails
   950 | D:2      | Reached skill level 1 in Polearms
   950 | D:2      | Reached skill level 1 in Staves
   950 | D:2      | Reached skill level 1 in Slings
   950 | D:2      | Reached skill level 1 in Bows
   950 | D:2      | Reached skill level 1 in Crossbows
   950 | D:2      | Reached skill level 1 in Throwing
   950 | D:2      | Reached skill level 1 in Stealth
   950 | D:2      | Reached skill level 1 in Shields
   950 | D:2      | Reached skill level 1 in Unarmed Combat
   950 | D:2      | Reached skill level 1 in Spellcasting
   950 | D:2      | Reached skill level 1 in Evocations
  1006 | D:2      | Found a stormy altar of Qazlal.
  1030 | D:2      | Reached XP level 4. HP: 41/41 MP: 5/5
  1118 | D:2      | Found an opulent altar of Gozag.
  1223 | D:2      | XOM: harmless Necr miscast
  1283 | D:2      | Fell from the grace of Xom
  1283 | D:2      | Became a worshipper of Gozag Ym Sagoz the Greedy
  1553 | D:2      | Reached skill level 1 in Conjurations
  1553 | D:2      | Reached skill level 1 in Hexes
  1553 | D:2      | Reached skill level 1 in Charms
  1553 | D:2      | Reached skill level 1 in Summonings
  1553 | D:2      | Reached skill level 1 in Necromancy
  1553 | D:2      | Reached skill level 1 in Translocations
  1553 | D:2      | Reached skill level 1 in Transmutations
  1553 | D:2      | Reached skill level 1 in Fire Magic
  1553 | D:2      | Reached skill level 1 in Ice Magic
  1553 | D:2      | Reached skill level 1 in Air Magic
  1553 | D:2      | Reached skill level 1 in Earth Magic
  1553 | D:2      | Reached skill level 1 in Poison Magic
  1882 | D:3      | Reached XP level 5. HP: 30/47 MP: 6/6
  2365 | D:3      | XOM: 2-stop teleportation journey
  2378 | D:3      | Found a basalt altar of Yredelemnul.
  2602 | D:3      | Found a radiant altar of Vehumet.
  2761 | D:3      | Noticed Sigmund
  2772 | D:3      | Killed Sigmund
  2772 | D:3      | Reached XP level 6. HP: 53/53 MP: 8/8
  2817 | D:3      | Reached skill level 5 in Armour
  3050 | D:4      | XOM: noise
  3379 | D:4      | XOM: mild Summ miscast
  3397 | D:4      | Found a burning altar of Makhleb.
  3469 | D:4      | Reached XP level 7. HP: 59/59 MP: 10/10
  3668 | D:4      | XOM: noise
  3777 | D:4      | XOM: mild Tloc miscast
  3830 | D:5      | Entered Level 5 of the Dungeon
  3830 | D:5      | Noticed Eustachio
  3851 | D:4      | Killed Eustachio
  4165 | D:5      | Found a glowing drain.
  4169 | Sewer    | XOM: noise
  4169 | Sewer    | Entered a sewer
  4233 | Sewer    | XOM: 3-stop teleportation journey
  4255 | Sewer    | XOM: chaos cloud
  4262 | Sewer    | Reached XP level 8. HP: 67/67 MP: 12/12
  4695 | D:5      | Found a white marble altar of Elyvilon.
  5124 | D:5      | XOM: summons 3 hostile demons
  5243 | D:5      | XOM: give mutations
  5243 | D:5      | Gained mutation: Scrolls take you a little longer to read.
                  | [Xom's mischief]
  5243 | D:5      | Gained mutation: Your body sometimes deteriorates upon
                  | taking damage. [Xom's mischief]
  5243 | D:5      | Gained mutation: You are clumsy. (Dex -2) [Xom's mischief]
  5243 | D:5      | Gained mutation: You expend magic power (3 MP) to
                  | strengthen your wands. [Xom's mischief]
  5603 | D:6      | Noticed Prince Ribbit
  5610 | D:6      | Killed Prince Ribbit
  5752 | D:6      | Reached XP level 9. HP: 72/72 MP: 10/14
  5824 | D:6      | Found a hazy altar of Hepliaklqana.
  5825 | D:6      | Found a shimmering altar of Xom.
  5826 | D:6      | Noticed a spectral ugly thing
  6125 | D:7      | Noticed Harold
  6139 | D:7      | Killed Harold
  6139 | D:7      | Reached skill level 5 in Dodging
  6322 | D:7      | Found a sand-covered staircase.
  6336 | Ossuary  | Entered an ossuary
  6489 | Ossuary  | XOM: scenery: 1 doors open, 1 doors close
  6590 | Ossuary  | Reached skill level 5 in Invocations
  6737 | D:7      | Found a shadowy altar of Dithmenos.
  6763 | D:7      | Noticed Pikel
  6770 | D:7      | Paralysed by Pikel for 3 turns
  6781 | D:7      | Paralysed by Pikel for 4 turns
  6788 | D:7      | Paralysed by Pikel for 6 turns
  6795 | D:7      | Killed Pikel
  6795 | D:7      | Reached XP level 10. HP: 71/80 MP: 9/17
  6924 | D:7      | XOM: stat loss: -1 Dex (14/15)
  7096 | D:7      | Found a staircase to the Ecumenical Temple.
  7636 | D:8      | Found a bloodstained altar of Trog.
  7689 | D:8      | Reached skill level 5 in Short Blades
  7689 | D:8      | Reached skill level 5 in Axes
  7689 | D:8      | Reached skill level 5 in Maces & Flails
  7689 | D:8      | Reached skill level 5 in Polearms
  7689 | D:8      | Reached skill level 5 in Staves
  7689 | D:8      | Reached skill level 5 in Slings
  7689 | D:8      | Reached skill level 5 in Bows
  7689 | D:8      | Reached skill level 5 in Crossbows
  7689 | D:8      | Reached skill level 5 in Throwing
  7689 | D:8      | Reached skill level 5 in Stealth
  7689 | D:8      | Reached skill level 5 in Shields
  7689 | D:8      | Reached skill level 5 in Unarmed Combat
  7689 | D:8      | Reached skill level 5 in Spellcasting
  7689 | D:8      | Reached skill level 5 in Evocations
  7777 | D:8      | Found an ornate altar of the Wu Jian Council.
  7928 | D:8      | XOM: medium Summ miscast
  8323 | D:8      | Found a staircase to the Lair.
  8326 | D:8      | XOM: summons 1 hostile demon
  8327 | D:8      | Noticed a sixfirhy
  8659 | D:8      | Found a sparkling altar of Nemelex Xobeh.
  9349 | D:9      | XOM: noise
  9486 | D:9      | Found a staircase to the Orcish Mines.
 10075 | D:9      | Found a glowing golden altar of the Shining One.
 10289 | D:10     | Entered Level 10 of the Dungeon
 10306 | D:10     | Reached XP level 11. HP: 87/87 MP: 19/19
 11075 | D:10     | Found a radiant altar of Vehumet.
 11270 | D:11     | Noticed a cyan ugly thing
 11473 | D:11     | Killed a cyan ugly thing
 11473 | D:11     | Reached skill level 5 in Conjurations
 11473 | D:11     | Reached skill level 5 in Hexes
 11473 | D:11     | Reached skill level 5 in Charms
 11473 | D:11     | Reached skill level 5 in Summonings
 11473 | D:11     | Reached skill level 5 in Necromancy
 11473 | D:11     | Reached skill level 5 in Translocations
 11473 | D:11     | Reached skill level 5 in Transmutations
 11473 | D:11     | Reached skill level 5 in Fire Magic
 11473 | D:11     | Reached skill level 5 in Ice Magic
 11473 | D:11     | Reached skill level 5 in Air Magic
 11473 | D:11     | Reached skill level 5 in Earth Magic
 11473 | D:11     | Reached skill level 5 in Poison Magic
 12017 | D:11     | Found a corrupted altar of Lugonu.
 12508 | D:11     | Found a transporter.
 12653 | D:11     | XOM: give mutation
 12653 | D:11     | Gained mutation: You are very clumsy. (Dex -4) [Xom's
                  | mischief]
 12837 | D:11     | Noticed a two-headed ogre
 12847 | D:11     | Killed a two-headed ogre
 13373 | D:11     | Bought a scroll of teleportation for 51 gold pieces
 13377 | D:11     | Bought a +0 pair of boots of stealth for 172 gold pieces
 13377 | D:11     | Bought the +1 cloak of Starlight {rElec rC+ EV+4 Stlth--}
                  | for 667 gold pieces
 13377 | D:11     | Found the +1 cloak of Starlight {rElec rC+ EV+4 Stlth--}
 13377 | D:11     | Bought a +2 hat for 240 gold pieces
 13486 | Lair:1   | Entered Level 1 of the Lair of Beasts
 13534 | Lair:1   | Noticed a seven-headed hydra
 13559 | Lair:1   | Killed a three-headed hydra
 13642 | Lair:1   | Reached XP level 12. HP: 71/96 MP: 17/22
 13648 | Lair:1   | Noticed an eight-headed hydra
 13665 | Lair:1   | Killed a five-headed hydra
 13804 | Lair:1   | XOM: 1-stop teleportation journey
 14188 | Lair:1   | XOM: summons 14 hostile demons
 14511 | Lair:1   | XOM: medium Conj miscast
 14628 | Lair:2   | Found a runed gate.
 14628 | Lair:2   | Found a runed gate.
 14628 | Lair:2   | Found a runed gate.
 14641 | Lair:2   | Noticed vogonpoet's ghost (journeyman MiWn)
 14777 | Lair:2   | Noticed Gastronok
 14828 | Lair:2   | Killed Gastronok
 14939 | Lair:2   | XOM: medium Tmut miscast
 14941 | Lair:2   | Gained mutation: Your body often deteriorates upon taking
                  | damage. [mutagenic glow]
 14964 | Lair:2   | XOM: polymorph yak -> salamander
 14964 | Lair:2   | Was forgiven by Xom
 14978 | Lair:2   | Gained mutation: You occasionally shout uncontrollably at
                  | your foes. [mutagenic glow]
 15229 | Lair:2   | Reached skill level 10 in Fighting
 15229 | Lair:2   | Reached skill level 10 in Long Blades
 15427 | Lair:2   | Found a staircase to the Snake Pit.
 15954 | Lair:3   | Reached XP level 13. HP: 77/103 MP: 18/24
 15989 | Lair:3   | Found a staircase to the Shoals.
 16957 | Lair:3   | Lost mutation: Scrolls take you a little longer to read.
                  | [potion of mutation]
 16957 | Lair:3   | Lost mutation: Your body often deteriorates upon taking
                  | damage. [potion of mutation]
 16957 | Lair:3   | Gained mutation: Your mind is acute. (Int +2) [potion of
                  | mutation]
 18940 | Lair:6   | Entered Level 6 of the Lair of Beasts
 19611 | Lair:6   | Reached XP level 14. HP: 95/111 MP: 24/26
 20066 | Lair:6   | Identified a scroll of acquirement
 20153 | Lair:6   | Reached skill level 10 in Armour
 20220 | Lair:6   | Found a staircase to the Slime Pits.
 20623 | Lair:6   | Found a runed door.
 21045 | Lair:6   | Identified the +8 scale mail of Efuil {rC+ rCorr} (You
                  | found it on level 6 of the Lair of Beasts)
 21348 | Orc:1    | Entered Level 1 of the Orcish Mines
 21411 | Orc:1    | Found Waurph's Gadget Shoppe.
 21437 | Orc:1    | Bought a wand of digging (13) for 442 gold pieces
 21437 | Orc:1    | Bought a wand of polymorph (13) for 195 gold pieces
 21437 | Orc:1    | Bought a wand of paralysis (5) for 91 gold pieces
 21437 | Orc:1    | Bought a wand of paralysis (9) for 143 gold pieces
 21969 | Orc:2    | Entered Level 2 of the Orcish Mines
 22055 | Orc:2    | Reached skill level 10 in Invocations
 22674 | Orc:2    | Found a roughly hewn altar of Beogh.
 22727 | Orc:2    | Found Dekhat's Antique Armour Emporium.
 22727 | Orc:2    | Found Geso's Gadget Boutique.
 22734 | Orc:2    | Bought a wand of clouds (6) for 420 gold pieces
 22919 | Orc:2    | Found Plog's Gadget Emporium.
 22919 | Orc:2    | Found Querch's Armour Boutique.
 23007 | Orc:2    | Found a staircase to the Elven Halls.
 23496 | Orc:2    | Bought a distressingly furry chain mail for 370 gold pieces
 23496 | Orc:2    | Bought a brightly glowing scale mail for 351 gold pieces
 23497 | Orc:2    | Identified the +4 chain mail of Pleasant Breezes {+Blink
                  | rC++} (You bought it in a shop on level 2 of the Orcish
                  | Mines)
 23500 | Orc:2    | Identified the +5 scale mail "Gockuf" {*Drain rN+ Str+2}
                  | (You bought it in a shop on level 2 of the Orcish Mines)
 23567 | D:9      | Bought an uncursed ring of see invisible for 240 gold
                  | pieces
 23574 | D:9      | Learned a level 3 spell: Regeneration
 23579 | D:9      | Learned a level 4 spell: Summon Lightning Spire
 23712 | D:11     | Found a transporter.
 23862 | D:12     | Reached XP level 15. HP: 116/119 MP: 26/28
 24179 | D:12     | Reached skill level 10 in Dodging
 24388 | D:12     | Noticed Maurice
 24398 | D:12     | Killed Maurice
 26172 | D:13     | Reached skill level 10 in Short Blades
 26172 | D:13     | Reached skill level 10 in Axes
 26172 | D:13     | Reached skill level 10 in Maces & Flails
 26172 | D:13     | Reached skill level 10 in Polearms
 26172 | D:13     | Reached skill level 10 in Staves
 26172 | D:13     | Reached skill level 10 in Slings
 26172 | D:13     | Reached skill level 10 in Bows
 26172 | D:13     | Reached skill level 10 in Crossbows
 26172 | D:13     | Reached skill level 10 in Throwing
 26172 | D:13     | Reached skill level 10 in Stealth
 26172 | D:13     | Reached skill level 10 in Shields
 26172 | D:13     | Reached skill level 10 in Unarmed Combat
 26172 | D:13     | Reached skill level 10 in Spellcasting
 26172 | D:13     | Reached skill level 10 in Evocations
 26489 | D:14     | Noticed Roxanne
 26825 | D:14     | Gained mutation: You tend to lose your temper in combat. [a
                  | neqoxec]
 27076 | D:14     | Found a gate to the Vaults.
 27458 | D:14     | Lost mutation: You expend magic power (3 MP) to strengthen
                  | your wands. [potion of mutation]
 27458 | D:14     | Lost mutation: You tend to lose your temper in combat.
                  | [potion of mutation]
 27458 | D:14     | Lost mutation: Your body sometimes deteriorates upon taking
                  | damage. [potion of mutation]
 27458 | D:14     | Gained mutation: Scrolls take you a little longer to read.
                  | [potion of mutation]
 27458 | D:14     | Gained mutation: You are somewhat resistant to further
                  | mutation. [potion of mutation]
 28422 | D:15     | Entered Level 15 of the Dungeon
 28787 | D:15     | Found Teec's Assorted Antiques.
 28788 | D:15     | Noticed Louise
 28836 | D:15     | Reached XP level 16. HP: 127/127 MP: 30/30
 28948 | D:15     | Killed Louise
 28951 | D:15     | Found Boxkasm's Gadget Boutique.
 29001 | D:15     | Found a flickering gateway to a bazaar.
 29017 | Bazaar   | Entered a bazaar
 29017 | Bazaar   | Found Fetal's Distillery.
 29017 | Bazaar   | Found Esairu's Food Shop.
 29017 | Bazaar   | Found Inwumet's Magic Scroll Shoppe.
 29019 | Bazaar   | Found Danur's Food Boutique.
 29019 | Bazaar   | Found Qint's Jewellery Shoppe.
 29067 | Bazaar   | Bought a ration for 45 gold pieces
 29067 | Bazaar   | Bought a ration for 45 gold pieces
 29067 | Bazaar   | Bought a ration for 45 gold pieces
 29067 | Bazaar   | Bought a ration for 45 gold pieces
 29067 | Bazaar   | Bought a ration for 45 gold pieces
 29067 | Bazaar   | Bought a ration for 45 gold pieces
 29067 | Bazaar   | Bought a ration for 45 gold pieces
 29067 | Bazaar   | Bought a ration for 45 gold pieces
 29067 | Bazaar   | Bought a ration for 45 gold pieces
 29070 | Bazaar   | Bought a ration for 50 gold pieces
 29070 | Bazaar   | Bought a ration for 50 gold pieces
 29070 | Bazaar   | Bought a ration for 50 gold pieces
 29070 | Bazaar   | Bought a ration for 50 gold pieces
 29070 | Bazaar   | Bought a ration for 50 gold pieces
 29070 | Bazaar   | Bought a ration for 50 gold pieces
 29070 | Bazaar   | Bought a ration for 50 gold pieces
 29070 | Bazaar   | Bought a ration for 50 gold pieces
 29070 | Bazaar   | Bought a ration for 50 gold pieces
 29070 | Bazaar   | Bought a ration for 50 gold pieces
 29070 | Bazaar   | Bought a ration for 50 gold pieces
 29078 | Bazaar   | Bought a potion of cancellation for 88 gold pieces
 29078 | Bazaar   | Bought a potion of curing for 33 gold pieces
 29078 | Bazaar   | Bought a potion of curing for 33 gold pieces
 29078 | Bazaar   | Bought a potion of resistance for 110 gold pieces
 29078 | Bazaar   | Bought a potion of resistance for 110 gold pieces
 29078 | Bazaar   | Bought a potion of curing for 33 gold pieces
 29078 | Bazaar   | Bought a potion of heal wounds for 55 gold pieces
 29083 | Bazaar   | Bought a scroll of identify for 18 gold pieces
 29083 | Bazaar   | Bought a scroll of blinking for 67 gold pieces
 29083 | Bazaar   | Bought a scroll of enchant armour for 67 gold pieces
 29083 | Bazaar   | Bought a scroll of teleportation for 27 gold pieces
 29083 | Bazaar   | Bought a scroll of teleportation for 27 gold pieces
 29088 | Bazaar   | Bought an uncursed ring of protection from fire for 225
                  | gold pieces
 29465 | D:15     | Found a staircase to the Depths.
 29783 | Orc:2    | Bought a wand of acid (12) for 512 gold pieces
 29903 | Snake:1  | Entered Level 1 of the Snake Pit
 30650 | Snake:1  | Found a blossoming altar of Fedhas.
 30823 | Snake:1  | You fall through a shaft!
 30883 | Snake:2  | Noticed a nagaraja
 30898 | Snake:2  | Killed a nagaraja
 31302 | Snake:2  | Reached skill level 10 in Summonings
 32207 | Snake:3  | Found a radiant altar of Vehumet.
 32326 | Snake:3  | Found Woetz's Gadget Shop.
 32329 | Snake:3  | Bought a wand of enslavement (15) for 306 gold pieces
 32329 | Snake:3  | Bought a wand of random effects (14) for 144 gold pieces
 33210 | Snake:3  | Identified the +7 longbow "Ramyodd" {flame, MR- Str+3 Int+5
                  | Dex+2} (You found it on level 3 of the Snake Pit)
 33471 | Snake:4  | Entered Level 4 of the Snake Pit
 33624 | Snake:4  | Reached XP level 17. HP: 49/135 MP: 17/32
 34771 | Snake:4  | Found a runed door.
 34771 | Snake:4  | Noticed Eveum's ghost (journeyman FeAr)
 36130 | Snake:4  | Got a translucent wooden ring
 36134 | Snake:4  | Identified the ring "Fusin" {rCorr MR++} (You took it off a
                  | naga on level 4 of the Snake Pit)
 36214 | Snake:4  | Reached skill level 10 in Conjurations
 36214 | Snake:4  | Reached skill level 10 in Hexes
 36214 | Snake:4  | Reached skill level 10 in Charms
 36214 | Snake:4  | Reached skill level 10 in Necromancy
 36214 | Snake:4  | Reached skill level 10 in Translocations
 36214 | Snake:4  | Reached skill level 10 in Transmutations
 36214 | Snake:4  | Reached skill level 10 in Fire Magic
 36214 | Snake:4  | Reached skill level 10 in Ice Magic
 36214 | Snake:4  | Reached skill level 10 in Air Magic
 36214 | Snake:4  | Reached skill level 10 in Earth Magic
 36214 | Snake:4  | Reached skill level 10 in Poison Magic
 36409 | Snake:4  | Identified the Almanac of the Shifting Snowflakes
 36437 | Snake:4  | Reached XP level 18. HP: 127/143 MP: 23/33
 36964 | Snake:4  | Got a serpentine rune of Zot
 37043 | Snake:3  | Lost mutation: Scrolls take you a little longer to read.
                  | [potion of mutation]
 37043 | Snake:3  | Lost mutation: Your mind is acute. (Int +2) [potion of
                  | mutation]
 37043 | Snake:3  | Lost mutation: You occasionally shout uncontrollably at
                  | your foes. [potion of mutation]
 37043 | Snake:3  | Gained mutation: You passively map a small area around you.
                  | [potion of mutation]
 37043 | Snake:3  | Gained mutation: You are partially covered in yellow
                  | scales. (AC +2) [potion of mutation]
 37124 | Shoals:1 | Entered Level 1 of the Shoals
 37533 | Shoals:1 | Found Muolezey's Gadget Boutique.
 37604 | Shoals:1 | Bought a wand of digging (15) for 532 gold pieces
 39907 | Shoals:3 | Reached XP level 19. HP: 73/151 MP: 19/35
 40677 | Shoals:4 | Entered Level 4 of the Shoals
 40707 | Shoals:4 | Found Muigok's Armour Shoppe.
 40709 | Shoals:4 | Noticed Ilsuiw
 40723 | Shoals:4 | HP: 6/151 [poisoned by a merfolk javelineer]
 41308 | Shoals:4 | Killed from afar by a water nymph

Vault maps used:
D:1:      kennysheep_arrival_seaside
D:2:      lemuel_coloured_pillars_altar, grunt_gozag_breadcrumbs, first_ration
D:3:      yredelemnul_forgotten_temple_becter, fiery_altar_vehumet, uniq_sigmund
D:4:      makhleb_heckhound_becter, st_stairs_1, lemuel_old_faithful
D:5:      lemuel_round_altar, gup_sewer_entry_bowl, minmay_tree_intersection,
          kennysheep_minor_cross, uniq_eustachio
D:6:      regret_index_temple_of_mockery, serial_park_tiny_pond,
          minmay_misc_feat_columns, corexii_checkpoint_a, uniq_prince_ribbit1
D:7:      nicolae_dithmenos_through_a_glass_darkly, minmay_temple_entry_glass,
          gup_ossuary_entry_pyramid, uniq_pikel, uniq_harold
D:8:      overflow_temple_1_default, lemuel_crystal_altar,
          nicolae_overflow_crystal_walls, lair_entry_dummy
D:9:      tso_oasis_becter, david_orc_2
D:10:     basic_altar
D:11:     gammafunk_corrupted_shrine, serial_glass, glass_columns_c,
          glass_columns_b, glass_columns_a, glass_columns_b, glass_columns_a,
          glass_columns_c
D:12:     grunt_pizzeria, uniq_maurice
D:14:     david_vaults_4, serial_park_tiny_1, roderic_roman_lattice,
          uniq_roxanne
D:15:     gammafunk_enter_depths_forms, palyth_stone_intersect, serial_shops,
          bzr_entry_road, nicolae_shop_waterfront,
          nicolae_shop_overgrown_old_shop, uniq_louise
Lair:1:   lemuel_fruit_tree
Lair:2:   guppyfry_snake_entry_garden, gammafunk_ghost_necromancy,
          beast_lair_carwin_7, uniq_gastronok
Lair:3:   shoals_dummy_entry, grunt_megastairs_2, minmay_lair_oklob_chamber,
          infiniplex_staircase_pool_2
Lair:4:   beast_lair_carwin_1, lemuel_fruit_fields, serial_bayou_shore_b
Lair:5:   st_stairs_12
Lair:6:   wormcave, minmay_slime_entry_jelly_boxes,
          hangedman_lair_unloving_vines
Shoals:1: serial_shops, shop, nicolae_shoals_cliffside_cave
Shoals:2: nicolae_shoals_dead_sea_scrolls
Shoals:4: shoals_end_hangedman, shoal_ilsuiw, serial_shops, nicolae_shop_stone,
          lemuel_oklob_altar
Snake:1:  basic_altar
Snake:3:  cheibrodos_snake_lava_hold, basic_altar, serial_shops,
          nicolae_shop_behind_doors
Snake:4:  grunt_snake_rune_spirals, ebering_ghost_inner_flame
Orc:1:    serial_shops, shop
Orc:2:    st_orc_town
Bazaar:   bazaar_minmay_generic_island
Sewer:    sewer_frog_island_02
Ossuary:  ossuary_tomb_2

Skill      XL: |  1  2  3  4  5  6  7  8  9 10 11 12 13 14 15 16 17 18 |
---------------+-------------------------------------------------------+-----
Invocations    | 1 2 3 4 5 6 7 8 9 10 11 12 13 | 13.5
Short Blades   | 1 2 3 4 5 6 7 8 9 10 11 12 | 12.5
Axes           | 1 2 3 4 5 6 7 8 9 10 11 12 | 12.5
Maces & Flails | 1 2 3 4 5 6 7 8 9 10 11 12 | 12.5
Polearms       | 1 2 3 4 5 6 7 8 9 10 11 12 | 12.5
Staves         | 1 2 3 4 5 6 7 8 9 10 11 12 | 12.5
Slings         | 1 2 3 4 5 6 7 8 9 10 11 12 | 12.5
Bows           | 1 2 3 4 5 6 7 8 9 10 11 12 | 12.5
Crossbows      | 1 2 3 4 5 6 7 8 9 10 11 12 | 12.5
Throwing       | 1 2 3 4 5 6 7 8 9 10 11 12 | 12.5
Stealth        | 1 2 3 4 5 6 7 8 9 10 11 12 | 12.5
Shields        | 1 2 3 4 5 6 7 8 9 10 11 12 | 12.5
Unarmed Combat | 1 2 3 4 5 6 7 8 9 10 11 12 | 12.5
Spellcasting   | 1 2 3 4 5 6 7 8 9 10 11 12 | 12.5
Evocations     | 1 2 3 4 5 6 7 8 9 10 11 12 | 12.5
Conjurations   | 1 2 3 4 5 6 7 8 9 10 | 10.8
Hexes          | 1 2 3 4 5 6 7 8 9 10 | 10.8
Charms         | 1 2 3 4 5 6 7 8 9 10 | 10.8
Summonings     | 1 2 3 4 5 6 7 8 9 10 11 12 | 12.7
Necromancy     | 1 2 3 4 5 6 7 8 9 10 | 10.8
Translocations | 1 2 3 4 5 6 7 8 9 10 | 10.8
Transmutations | 1 2 3 4 5 6 7 8 9 10 | 10.8
Fire Magic     | 1 2 3 4 5 6 7 8 9 10 | 10.8
Ice Magic      | 1 2 3 4 5 6 7 8 9 10 | 10.8
Air Magic      | 1 2 3 4 5 6 7 8 9 10 | 10.8
Earth Magic    | 1 2 3 4 5 6 7 8 9 10 | 10.8
Poison Magic   | 1 2 3 4 5 6 7 8 9 10 | 10.8
Dodging        | 3 4 5 6 7 8 9 10 11 12 | 12.8
Armour         | 5 6 7 8 9 10 11 12 13 | 13.2
Fighting       | 7 8 9 10 11 12 13 | 13.8
Long Blades    | 7 8 9 10 11 12 13 | 13.8

Action                   |  1- 3 |  4- 6 |  7- 9 | 10-12 | 13-15 | 16-18 | 19-21 || total
-------------------------+-------+-------+-------+-------+-------+-------+-------++-------
Melee: Falchion          |    61 |   211 |   130 |       |       |       |       ||   402
       Bite              |     6 |    29 |    72 |   121 |   251 |   195 |    38 ||   712
       Punch             |       |     1 |     2 |    17 |    84 |    18 |     1 ||   123
       Dagger            |       |       |   120 |    14 |    36 |     8 |       ||   178
       Quarterstaff      |       |       |   354 |    96 |       |       |       ||   450
       Great sword       |       |       |       |   225 |       |       |       ||   225
       Scimitar          |       |       |       |   662 |   949 |   196 |       ||  1807
       Battleaxe         |       |       |       |    17 |    12 |       |       ||    29
       War axe           |       |       |       |       |   854 |   159 |       ||  1013
       Broad axe         |       |       |       |       |    22 |   109 |    30 ||   161
       Lajatang          |       |       |       |       |       |  1198 |   232 ||  1430
Throw: Javelin           |       |       |       |     3 |    11 |    28 |     8 ||    50
       Throwing net      |       |       |       |       |       |     1 |     1 ||     2
 Cast: Summon Lightning  |       |       |       |       |     2 |    18 |       ||    20
       Regeneration      |       |       |       |       |       |    99 |    20 ||   119
Invok: Potion Petition   |       |       |     2 |       |     3 |     8 |     4 ||    17
       Call Merchant     |       |       |       |     2 |     1 |       |       ||     3
Evoke: Wand              |       |       |    11 |    27 |    29 |    52 |    16 ||   135
  Use: Scroll            |       |     9 |    14 |    11 |     9 |    10 |     3 ||    56
       Potion            |       |     1 |     1 |     6 |     3 |     2 |    10 ||    23
 Stab: Paralysed         |       |     6 |     5 |     4 |    14 |     4 |       ||    33
       Distracted        |       |     1 |     1 |     5 |    13 |    12 |     1 ||    33
       Confused          |       |     1 |       |       |       |       |       ||     1
       Sleeping          |       |       |     3 |       |     6 |     2 |       ||    11
       Petrified         |       |       |     1 |       |       |       |       ||     1
       Invisible         |       |       |       |       |       |     4 |       ||     4
       Fleeing           |       |       |       |       |       |     1 |       ||     1
  Eat: Ration            |       |     2 |     4 |    13 |    14 |    14 |     2 ||    49
       Chunk             |       |     1 |       |       |       |       |       ||     1
Armor: Leather armour    |    21 |    55 |    94 |       |       |       |       ||   170
       Skin              |       |     2 |       |       |       |       |       ||     2
       Chain mail        |       |       |   200 |   640 |   312 |       |       ||  1152
       Scale mail        |       |       |       |       |   465 |   717 |   147 ||  1329
Dodge: Dodged            |    48 |   104 |   351 |   700 |  1378 |  1479 |   237 ||  4297
       Rpst.: Falchion   |    16 |    27 |    23 |       |       |       |       ||    66
       Great sword       |       |       |       |    57 |       |       |       ||    57
       Scimitar          |       |       |       |   126 |   173 |    31 |       ||   330

Table legend:
 A = Non-vault XP
 B = Vault XP
 C = Vault XP percentage of total XP
 D = Non-vault monster count
 E = Vault monster count
 F = Vault count percentage of total count
                 A         B        C        D         E       F
            +---------+---------+-------+---------+---------+-------
      Total |  231580 |  113317 |  32.9 |     919 |     345 |  27.3
            +---------+---------+-------+---------+---------+-------
        D:1 |      60 |       0 |   0.0 |      26 |       0 |   0.0
        D:2 |      98 |       0 |   0.0 |      24 |       0 |   0.0
        D:3 |      72 |     214 |  74.8 |      26 |       2 |   7.1
        D:4 |     207 |     253 |  55.0 |      14 |       3 |  17.6
        D:5 |     400 |       6 |   1.5 |      17 |       2 |  10.5
        D:6 |     639 |     279 |  30.4 |      22 |       3 |  12.0
        D:7 |     935 |    1554 |  62.4 |      26 |       3 |  10.3
        D:8 |    1680 |     130 |   7.2 |      29 |       1 |   3.3
        D:9 |    1800 |     284 |  13.6 |      27 |       7 |  20.6
       D:10 |    1623 |       0 |   0.0 |      39 |       0 |   0.0
       D:11 |    5395 |    4649 |  46.3 |      56 |       9 |  13.8
       D:12 |    8565 |     590 |   6.4 |      41 |       2 |   4.7
       D:13 |   14921 |       0 |   0.0 |      43 |       0 |   0.0
       D:14 |   13438 |    1273 |   8.7 |      51 |       2 |   3.8
       D:15 |    6887 |    6077 |  46.9 |      22 |      10 |  31.2
     Lair:1 |    5997 |       0 |   0.0 |      24 |       0 |   0.0
     Lair:2 |    4825 |    4561 |  48.6 |      24 |      10 |  29.4
     Lair:3 |    1829 |     468 |  20.4 |       6 |       1 |  14.3
     Lair:4 |    5030 |    4464 |  47.0 |      21 |       8 |  27.6
     Lair:5 |    8986 |       0 |   0.0 |      40 |       0 |   0.0
     Lair:6 |    7524 |    7412 |  49.6 |      33 |      31 |  48.4
   Shoals:1 |   19568 |       0 |   0.0 |      35 |       0 |   0.0
   Shoals:2 |   22924 |       0 |   0.0 |      41 |       0 |   0.0
   Shoals:3 |   21021 |       0 |   0.0 |      36 |       0 |   0.0
   Shoals:4 |    5016 |   12856 |  71.9 |      11 |      18 |  62.1
    Snake:1 |    9327 |       0 |   0.0 |      21 |       0 |   0.0
    Snake:2 |   15734 |       0 |   0.0 |      30 |       0 |   0.0
    Snake:3 |    7825 |    5298 |  40.4 |      20 |       9 |  31.0
    Snake:4 |   32059 |   55304 |  63.3 |      60 |      90 |  60.0
      Orc:1 |    3721 |       0 |   0.0 |      35 |       0 |   0.0
      Orc:2 |    3474 |    7056 |  67.0 |      19 |      61 |  76.2
      Sewer |       0 |     251 | 100.0 |       0 |      45 | 100.0
    Ossuary |       0 |     338 | 100.0 |       0 |      28 | 100.0
            +---------+---------+-------+---------+---------+-------

Action                   |  1- 3 |  4- 6 |  7- 9 | 10-12 | 13-15 | 16-18 | 19-21 || total
-------------------------+-------+-------+-------+-------+-------+-------+-------++-------
Melee: Falchion          |    61 |   211 |   130 |       |       |       |       ||   402
       Bite              |     6 |    29 |    72 |   121 |   251 |   195 |    38 ||   712
       Punch             |       |     1 |     2 |    17 |    84 |    18 |     1 ||   123
       Dagger            |       |       |   120 |    14 |    36 |     8 |       ||   178
       Quarterstaff      |       |       |   354 |    96 |       |       |       ||   450
       Great sword       |       |       |       |   225 |       |       |       ||   225
       Scimitar          |       |       |       |   662 |   949 |   196 |       ||  1807
       Battleaxe         |       |       |       |    17 |    12 |       |       ||    29
       War axe           |       |       |       |       |   854 |   159 |       ||  1013
       Broad axe         |       |       |       |       |    22 |   109 |    30 ||   161
       Lajatang          |       |       |       |       |       |  1198 |   232 ||  1430
Throw: Javelin           |       |       |       |     3 |    11 |    28 |     8 ||    50
       Throwing net      |       |       |       |       |       |     1 |     1 ||     2
 Cast: Summon Lightning  |       |       |       |       |     2 |    18 |       ||    20
       Regeneration      |       |       |       |       |       |    99 |    20 ||   119
Invok: Potion Petition   |       |       |     2 |       |     3 |     8 |     4 ||    17
       Call Merchant     |       |       |       |     2 |     1 |       |       ||     3
Evoke: Wand              |       |       |    11 |    27 |    29 |    52 |    16 ||   135
  Use: Scroll            |       |     9 |    14 |    11 |     9 |    10 |     3 ||    56
       Potion            |       |     1 |     1 |     6 |     3 |     2 |    10 ||    23
 Stab: Paralysed         |       |     6 |     5 |     4 |    14 |     4 |       ||    33
       Distracted        |       |     1 |     1 |     5 |    13 |    12 |     1 ||    33
       Confused          |       |     1 |       |       |       |       |       ||     1
       Sleeping          |       |       |     3 |       |     6 |     2 |       ||    11
       Petrified         |       |       |     1 |       |       |       |       ||     1
       Invisible         |       |       |       |       |       |     4 |       ||     4
       Fleeing           |       |       |       |       |       |     1 |       ||     1
  Eat: Ration            |       |     2 |     4 |    13 |    14 |    14 |     2 ||    49
       Chunk             |       |     1 |       |       |       |       |       ||     1
Armor: Leather armour    |    21 |    55 |    94 |       |       |       |       ||   170
       Skin              |       |     2 |       |       |       |       |       ||     2
       Chain mail        |       |       |   200 |   640 |   312 |       |       ||  1152
       Scale mail        |       |       |       |       |   465 |   717 |   147 ||  1329
Dodge: Dodged            |    48 |   104 |   351 |   700 |  1378 |  1479 |   237 ||  4297
       Rpst.: Falchion   |    16 |    27 |    23 |       |       |       |       ||    66
       Great sword       |       |       |       |    57 |       |       |       ||    57
       Scimitar          |       |       |       |   126 |   173 |    31 |       ||   330
